 Dungeon Crawl Stone Soup version 0.20-b1-24-gb21faa7 (webtiles) character file.

55 KeyserSoze the Skirmisher (level 3, -10/21 HPs)
             Began as a Vine Stalker Berserker on May 25, 2017.
             Was a Believer of Trog.
             Engulfed by a cloud of flame (13 damage)
             ... on level 2 of the Dungeon.
             The game lasted 00:08:08 (2009 turns).

KeyserSoze the Skirmisher (Vine Stalker Berserker)  Turns: 2009, Time: 00:08:08

Health: -10/21     AC:  5    Str: 19    XL:     3   Next: 93%
Magic:  0/4        EV:  7    Int:  7    God:    Trog [**....]
Gold:   55         SH: 11    Dex: 14    Spells: 2/2 levels left

rFire    . . .     SeeInvis .   d - +0 short sword (drain)
rCold    . . .     Gourm    .   o - +0 large shield
rNeg     . . .     Faith    .   b - +0 animal skin
rPois    .         Spirit   +   (no helmet)
rElec    .         Reflect  .   k - +2 cloak
rCorr    .         Harm     .   (no gloves)
MR       .....                  (no boots)
Stlth    +.........             (no amulet)
Regen    0.1/turn               (no ring)
MPRegen  0.1/turn               (no ring)

@: no status effects
A: fangs 2, magic shield, antimagic bite, no potion heal 3, rot immunity
a: Berserk, Trog's Hand, Burn Spellbooks, Renounce Religion


You were on level 2 of the Dungeon.
You worshipped Trog.
Trog was pleased with you.
You were not hungry.

You visited 1 branch of the dungeon, and saw 2 of its levels.

You collected 55 gold pieces.

Inventory:

Hand Weapons
 a - a +0 hand axe
 d - a +0 short sword of draining (weapon)
 l - a +2 dagger of venom
Armour
 b - a +0 animal skin (worn)
 k - a +2 cloak (worn)
 o - a +0 large shield (worn)
Jewellery
 g - a +3 ring of strength {unknown}
Scrolls
 h - a scroll of random uselessness {unknown}
 m - a scroll of fog
 n - a scroll of identify
 r - a scroll of amnesia {unknown}
Potions
 e - a potion of invisibility
 j - a potion of magic {unknown}
 p - a potion of might {unknown}
 q - a potion of heal wounds {unknown}
Comestibles
 c - 2 bread rations
 f - a fruit
 i - 2 chunks of flesh


   Skills:
 + Level 4.2 Fighting
 - Level 2.6 Axes
 - Level 1.5 Armour
 - Level 1.5 Dodging
 + Level 0.3 Shields


You had 2 spell levels left.
You didn't know any spells.

Dungeon Overview and Level Annotations

Branches:
Dungeon (2/15)

Altars:
Vehumet


Innate Abilities, Weirdness & Mutations

You have extremely sharp teeth.
When hurt, damage is shared between your health and your magic reserves.
Your bite disrupts and absorbs the magic of your enemies.
Potions cannot restore your health.
You are immune to rotting.


Message History

Uppercase [Y]es or [N]o only, please.
Really walk into a travel-excluded area?
The kobold shouts!
Really walk into that cloud of flame?
Uppercase [Y]es or [N]o only, please.
Really walk into that cloud of flame?
You are engulfed in blazing flames.
Ouch! That really hurt!
* * * LOW HITPOINT WARNING * * *
You see here a scroll labeled BUNUM GEKAZI.
You are feeling hungry.
You barely miss the kobold. You bite the kobold. You drain its power.
You feel invigorated.
You kill the kobold!
Trog accepts your kill.
You start resting.
Eating one of 3 chunks of flesh.
You eat one of the 3 chunks of flesh.
This raw flesh tastes terrible.
You are engulfed in blazing flames.
Ouch! That really hurt!
You die...

# #.#....# ##....# # #.
#..## #..### #. ..# #...# #
##..# #. #..# ###.##..#
#.......# #.######...#
..#.# #....@†?§..#
.#.#########..§§§..#
#.........(##.§_.§.#
#.............§.......
####..........#...§..(....
..............######.......
.............. .......
...).......... .......
..............


There were no monsters in sight!

Vanquished Creatures
  An adder (D:2)
  An ooze (D:2)
  A dart slug (D:1)
  3 leopard geckos
  A ball python (D:1)
  3 giant cockroaches
  4 goblins
  3 hobgoblins
  2 jackals (D:2)
  A quokka (D:2)
  4 bats (D:1)
  3 frilled lizards
  7 kobolds
  A rat (D:2)
  A plant (D:1)
36 creatures vanquished.

Notes
Turn   | Place    | Note
-------+----------+-------------------------------------------
     0 | D:1      | KeyserSoze the Vine Stalker Berserker began the quest for the Orb.
     0 | D:1      | Reached XP level 1. HP: 11/11 MP: 2/2
   303 | D:1      | Reached skill level 3 in Fighting
   562 | D:1      | Reached XP level 2. HP: 7/16 MP: 1/3
  1491 | D:1      | Reached XP level 3. HP: 21/21 MP: 4/4
  1772 | D:2      | Reached ** piety under Trog
  1803 | D:2      | Reached skill level 4 in Fighting
  1978 | D:2      | Found a radiant altar of Vehumet.
  2009 | D:2      | Engulfed by a cloud of flame

Skill      XL: |  1  2  3 |
---------------+----------+-----
Fighting       | 3 4 |  4.2
Axes           | |  2.6
Armour         | |  1.5
Dodging        | |  1.5
Shields        | |  0.3

Action                   || total
-------------------------++-------
Melee: Hand axe          ||   107
       Bite              ||    45
       Short sword       ||    27
  Use: Scroll            ||     3
       Potion            ||     3
 Stab: Sleeping          ||     1
  Eat: Chunk             ||     4
Armor: Animal skin       ||    33
Dodge: Dodged            ||    78
Block: Large shield      ||    13
